 Dungeon Crawl Stone Soup version 0.31-a0-229-g1fc7ce9 (webtiles) character file.

Game seed: 11588125031998049269

5741 Dawnplanks the Zephyrmancer (level 10, -3/53 HPs)
             Began as a Tengu Air Elementalist on July 6, 2023.
             Was a Believer of Vehumet.
             Slain by a vampire (6 damage)
             ... on level 8 of the Dungeon.
             The game lasted 00:19:48 (10263 turns).

Dawnplanks the Zephyrmancer (TeAE)                 Turns: 10263, Time: 00:19:49

Health: -3/53      AC:  8    Str: 19    XL:     10   Next: 77%
Magic:  4/24       EV: 17    Int: 19    God:    Vehumet [**....]
Gold:   420        SH:  0    Dex: 21    Spells: 17/27 levels left

rFire   . . .        t - +5 trident
rCold   x . .        (no shield)
rNeg    . . .        c - +3 leather armour
rPois   .            p - +0 hat
rElec   .            m - +0 cloak
rCorr   .            g - +0 pair of gloves
SInv    .            (boots unavailable)
Will    ++...        s - amulet of the Madman {Acrobat rC- Will++ Str+4}
Stlth   ++           i - +6 ring of strength
HPRegen 0.28/turn    n - +6 ring of dexterity
MPRegen 0.19/turn

%: acrobat
@: flying quickly and evasively, quick
A: beak, talons 3, nimble flight
a: Renounce Religion


You were on level 8 of the Dungeon.
You worshipped Vehumet.
Vehumet was pleased with you.
You visited 2 branches of the dungeon, and saw 9 of its levels.
You also visited: Sewer.

You collected 420 gold pieces.

Inventory:

Hand Weapons
 t - a +5 trident (weapon)
Armour
 c - a +3 leather armour (worn)
 g - a +0 pair of gloves (worn)
 m - a +0 cloak (worn)
 p - a +0 hat (worn)
 u - a +1 leather armour of fire resistance
 C - a +3 ring mail
Jewellery
 i - a +6 ring of strength (left hand)
 l - a ring of protection from fire
 n - a +6 ring of dexterity (right hand)
 s - the amulet of the Madman (around neck) {Acrobat rC- Will++ Str+4}
   (You found it on level 4 of the Dungeon)

   [amulet of the acrobat]

   It increases your evasion while moving and waiting.
   Str:       It affects your strength (+4).
   rC:        It makes you vulnerable to cold.
   Will:      It greatly increases your willpower.
Wands
 f - a wand of flame (36)
 x - a wand of acid (7)
 z - a wand of mindburst (15)
Scrolls
 a - 4 scrolls of teleportation
 h - 3 scrolls of enchant weapon {unknown}
 j - 2 scrolls of vulnerability
 k - a scroll of blinking
 o - a scroll of noise
 v - 3 scrolls of fear
 y - a scroll of silence
 A - a scroll of fog {unknown}
 D - a scroll of torment {unknown}
 E - 2 scrolls of immolation {unknown}
Potions
 b - 2 potions of magic
 d - 2 potions of attraction
 e - 3 potions of haste
 q - a potion of might
 r - 2 potions of cancellation
 w - a potion of brilliance
 B - a potion of curing
 F - a potion of ambrosia {unknown}


   Skills:
 + Level 2.0 Fighting
 - Level 0.3 Short Blades
 + Level 3.4 Armour
 + Level 4.1 Dodging
 - Level 2.0 Stealth
 + Level 9.2 Spellcasting
 + Level 9.3 Conjurations
 + Level 12.1 Air Magic


You had 17 spell levels left.
You knew the following spells:

 Your Spells              Type           Power      Damage    Failure   Level
a - Shock                 Conj/Air       100%       1d9       1%          1
b - Static Discharge      Conj/Air       98%        2-7/arc   1%          2
c - Swiftness             Air            53%        N/A       1%          3
d - Airstrike             Air            26%        2d(4-20)  1%          4

Your spell library contained the following spells:

 Spells                   Type           Power      Damage    Failure   Level
 Foxfire                  Conj/Fire      100%       2x1d9     1%          1
 Dazzling Flash           Conj/Hex       52%        N/A       4%          3
 Iskenderun's Mystic Bla  Conj/Tloc      26%        2d7       14%         4
 Summon Guardian Golem    Hex/Summ       8%         N/A       28%         3
 Volatile Blastmotes      Fire/Tloc      16%        2d11      28%         3
 Orb of Destruction       Conj           22%        9d8       86%         7
 Starburst                Conj/Fire      13%        6d5       91%         6
 Spellforged Servitor     Conj/Summ      13%        N/A       100%        7


Dungeon Overview and Level Annotations

Branches:
Dungeon (8/15)             Temple (1/1) D:5           Sewer (visited)
   Lair: D:8-11

Altars:
Ashenzari
Cheibriados
Dithmenos
Elyvilon
Fedhas
Gozag
Hepliaklqana
Kikubaaqudgha
Makhleb
Okawaru
Qazlal
Ru
Trog
Uskayaw
Vehumet
Wu Jian
Xom
Yredelemnul
Zin
The Shining One


Innate Abilities, Weirdness & Mutations

You have a beak for a mouth.
You have claws for feet.
Your magical nature lets you fly swiftly and evasively.


Message History

Casting: Shock (safe; 1% risk of failure)
Confirm with . or Enter, or press ? or * to list all spells.
Aiming: Shock (safe; 1% risk of failure)
Press: ? - help, Shift-Dir - straight line, f - orc, p - orc
Aim: an orc, wielding a +0 hand axe, wearing a +0 scale mail and quivering boomerangs (77% to hit)
The zap misses the orc.
The zap hits the orc.
The orc is almost dead.
Casting: Shock (safe; 1% risk of failure)
Confirm with . or Enter, or press ? or * to list all spells.
Aiming: Shock (safe; 1% risk of failure)
Press: ? - help, Shift-Dir - straight line, f - orc, p - orc
Aim: an orc, wielding a +0 hand axe and wearing a +0 ring mail (77% to hit)
The zap hits the orc!
You kill the orc!
Vehumet accepts your kill.
You feel your power returning.
The zap hits the orc.
You kill the orc!
Vehumet accepts your kill.
The zap hits the orc.
The orc is heavily wounded.
The zap hits the orc.
The orc is heavily wounded.
The zap hits the orc!
You kill the orc!
Vehumet accepts your kill.
You closely miss something. Something draws life force from you!
You closely miss something. You claw something. Something barely misses you.
Something bites you!
Something draws strength from your injuries!
Something hits you but does no damage. Something closely misses you.
You hit something. Your kick misses something. Something barely misses you.
Something bites you but does no damage.
You puncture something! You peck something. Something hits you!
Something bites you!
* * * LOW HITPOINT WARNING * * *
Something draws strength from your injuries!
You hit something. Your kick misses something. Something hits you!
* * * LOW HITPOINT WARNING * * *
Something bites you.
You die...

......... ###...# #..#.#.#.
#.....##### #.##..))..# #.
#.####)# # # #.# #.# ....#
#..#.#### #.##)# #.# .....
........# #.##.####.####
....####... #[# #.##..........
.....##..# #@# #.#######.####
#)......# #{# #.# #.#
#....#..# #)# #.# #.#
##....o..####)# #.# #.#
##.....o.o.....###.#######.#
†##.........###.....†........#
..).........###.##.###########
....)...........##.#
.P....>####.######.#


There were no monsters in sight!

Vanquished Creatures
  Joseph (D:7)
  A komodo dragon (D:8)
  A hornet (D:7)
  14 yaks (D:8)
  4 water moccasins
  3 sky beasts
  An ice beast (D:7)
  A black bear (D:8)
  2 ogres
  2 centaurs
  A phantom (D:6)
  2 kobold brigands
  A gnoll sergeant (D:6)
  4 bullfrogs
  A scorpion (D:5)
  3 wights (D:4)
  A howler monkey (D:7)
  A jelly (D:4)
  A hound (D:4)
  6 orc priests
  A sleepcap (D:6)
  6 orc wizards
  Ijyb (D:4)
  6 iguanas
  11 gnolls
  10 adders
  2 shadow imps
  6 worms
  A dart slug (D:1)
  25 orcs
  12 ball pythons
  10 endoplasms
  9 giant cockroaches
  6 hobgoblins
  9 jackals
  16 quokkas
  5 bats
  15 frilled lizards
  9 goblins
  14 kobolds
  5 rats
230 creatures vanquished.

Notes
Turn   | Place    | Note
-------+----------+-------------------------------------------
     0 | D:1      | Dawnplanks the Tengu Air Elementalist began the quest for
                  | the Orb.
     0 | D:1      | Reached XP level 1. HP: 10/10 MP: 4/4
     0 | D:1      | Noticed an ice dragon
     3 | D:1      | Noticed an orb of fire
     6 | D:1      | Noticed a large abomination
     7 | D:1      | Noticed a tentacled monstrosity
     9 | D:1      | Noticed a tentacled monstrosity
    13 | D:1      | Noticed an orb of fire
    13 | D:1      | Noticed a large abomination
    15 | D:1      | Noticed a tentacled monstrosity
    15 | D:1      | Noticed a black draconian
    17 | D:1      | Noticed a yellow draconian
    17 | D:1      | Noticed a shadow dragon
    17 | D:1      | Noticed a shadow dragon
    19 | D:1      | Noticed a shadow dragon
    21 | D:1      | Noticed a tentacled monstrosity
   225 | D:1      | Reached XP level 2. HP: 13/15 MP: 0/6
   667 | D:1      | Reached XP level 3. HP: 19/19 MP: 5/7
   851 | D:1      | Reached skill level 5 in Air Magic
  1373 | D:2      | Reached XP level 4. HP: 24/24 MP: 3/9
  1488 | D:2      | Found a faded altar of an unknown god.
  1561 | D:2      | Identified the +0 ring mail of the Invisible Hand {rElec}
  2209 | D:2      | Learned a level 2 spell: Static Discharge
  2213 | D:2      | Learned a level 3 spell: Swiftness
  2464 | D:3      | Found a glowing drain.
  2478 | D:3      | Reached skill level 1 in Armour
  2554 | Sewer    | Entered a sewer
  2641 | Sewer    | Gained mutation: Your magical nature lets you fly swiftly
                  | and evasively. [Tengu growth]
  2641 | Sewer    | Reached XP level 5. HP: 26/28 MP: 3/10
  3466 | Sewer    | Reached XP level 6. HP: 32/32 MP: 5/12
  3537 | Sewer    | Learned a level 4 spell: Airstrike
  3634 | D:3      | Reached skill level 6 in Air Magic
  4072 | D:3      | Found a shadowy altar of Dithmenos.
  4869 | D:4      | Reached XP level 7. HP: 36/36 MP: 6/14
  5029 | D:4      | Noticed Ijyb
  5030 | D:4      | Killed Ijyb
  5273 | D:4      | Identified the amulet of the Madman {Acrobat rC- Will++
                  | Str+4}
  5331 | D:4      | Reached skill level 7 in Air Magic
  5340 | D:4      | Reached skill level 5 in Conjurations
  6199 | D:5      | Entered Level 5 of the Dungeon
  6272 | D:5      | Reached XP level 8. HP: 11/42 MP: 14/16
  6276 | D:5      | HP: 2/42 [poisoned by a water moccasin]
  6443 | D:5      | Found a staircase to the Ecumenical Temple.
  6453 | D:5      | Reached skill level 5 in Spellcasting
  6453 | D:5      | Reached skill level 8 in Air Magic
  6455 | Temple   | Entered the Ecumenical Temple
  6455 | Temple   | Found a transporter.
  6455 | Temple   | Found a transporter.
  6505 | Temple   | Found a transporter.
  6505 | Temple   | Found a transporter.
  6526 | Temple   | Became a worshipper of Vehumet
  6997 | D:5      | Reached skill level 1 in Fighting
  7551 | D:6      | Reached * piety under Vehumet
  7551 | D:6      | Offered knowledge of Sandblast by Vehumet.
  7556 | D:6      | Reached skill level 9 in Air Magic
  7713 | D:6      | Reached XP level 9. HP: 17/47 MP: 15/19
  7713 | D:6      | HP: 2/47 [orc priest/divine providence (16)]
  8339 | D:6      | Found a basalt altar of Yredelemnul.
  8340 | D:6      | Found a shimmering altar of Xom.
  8653 | D:7      | Noticed a hornet
  8656 | D:7      | Killed a hornet
  8657 | D:7      | Reached skill level 10 in Air Magic
  8987 | D:7      | Noticed Joseph
  8991 | D:7      | HP: 2/48 [Joseph/sling bullet (13)]
  9370 | D:7      | Killed Joseph
  9576 | D:8      | Reached XP level 10. HP: 34/53 MP: 15/22
  9578 | D:8      | Reached skill level 11 in Air Magic
  9941 | D:8      | Reached skill level 12 in Air Magic
 10032 | D:8      | Offered knowledge of Foxfire by Vehumet.
 10115 | D:8      | Reached ** piety under Vehumet
 10263 | D:8      | Slain by a vampire

Illustrated notes

Levels and vault maps discovered:
D:1:      shiori_arrival_whats_in_store_for_you, layout_basic,
          amcnicky_mini_rare_corridor_liquid
D:2:      layout_basic, shapermc_ecumenical_altar_mp_ritualfount, nrook_uturn,
          hex_large, minmay_pentomino_p2
D:3:      layout_loops_corners, general_overflow_altar,
          cheibrodos_sewer_entry_drain, nicolae_concentric_dashed_squares_wild,
          kennysheep_small_spiral, moated_statue
D:4:      layout_layer_cave, uniq_ijyb
D:5:      layout_loops_cross, minmay_temple_entry_wispy
D:6:      layout_loops_ring, grunt_temple_overflow_open
D:7:      layout_rooms, uniq_joseph
D:8:      layout_loops_ring, grunt_lair_entry_orc_guard_hut
Temple:   hellmonk_temple_divided_pantheon

Skill      XL: |  1  2  3  4  5  6  7  8  9 10 |
---------------+-------------------------------+-----
Air Magic      | 5 6 7 9 10 12 | 12.1
Conjurations   | 2 3 4 5 6 8 9 |  9.3
Spellcasting   | 3 4 6 7 9 |  9.2
Armour         | 1 2 3 |  3.4
Dodging        | 3 4 |  4.1
Fighting       | 1 2 |  2.0
Short Blades   | |  0.3
Stealth        | |  2.0

Action                     |  1- 3 |  4- 6 |  7- 9 | 10-12 || total
---------------------------+-------+-------+-------+-------++-------
  Melee: Unarmed           |     7 |       |       |       ||     7
         Kick              |     9 |     6 |    18 |    11 ||    44
         Peck              |     5 |     4 |     9 |     2 ||    20
         Hand axe          |    18 |       |       |       ||    18
         Short sword       |     6 |    29 |    10 |       ||    45
         Trident           |       |       |    65 |    24 ||    89
         Punch             |       |       |       |     1 ||     1
   Cast: Shock             |    68 |   179 |   168 |    64 ||   479
         Airstrike         |       |       |    25 |    13 ||    38
    Use: Potion            |       |       |     6 |       ||     6
         Scroll            |       |       |     7 |       ||     7
 Armour: Leather armour    |    17 |    13 |    10 |     4 ||    44
  Dodge: Dodged            |    33 |    12 |    70 |    29 ||   144

Table legend: (Time is in decaauts)
 A = Elapsed time spent in this place.
 B = Non-inter-level travel time spent in this place.
 C = Inter-level travel time spent in this place.
 D = Time resting spent in this place.
 E = Time spent auto-exploring this place.
 F = Levels seen in this place.
 G = Mean time per level.
                   A        B        C        D        E       F      G
               +--------+--------+--------+--------+--------+-----+--------+
         Total |   9898 |   9537 |    361 |    102 |   8147 |  10 |  989.8 |
       Dungeon |   8783 |   8440 |    343 |    102 |   7259 |   8 | 1097.9 |
        Temple |     88 |     70 |     18 |      0 |     53 |   1 |   88.0 |
         Sewer |   1027 |   1027 |      0 |      0 |    834 |   1 | 1027.0 |
               +--------+--------+--------+--------+--------+-----+--------+

Top non-repeatable levels by time:
     D:4: 1435 daAuts
     D:6: 1282 daAuts
     D:3: 1217 daAuts
     D:1: 1196 daAuts
     D:2: 1179 daAuts
   Sewer: 1027 daAuts
     D:5: 895 daAuts
     D:7: 863 daAuts
     D:8: 713 daAuts
  Temple: 88 daAuts
